 Dungeon Crawl Stone Soup version 0.21.1-1-g345015fe64 (webtiles) character file.

8187 359359 the Grappler (level 11, -2/105 HPs)
             Began as a Troll Hunter on June 18, 2018.
             Was a Priest of Cheibriados.
             Slain by a death knight
             ... wielding a +4 falchion of flaming
              (8 damage)
             ... on level 10 of the Dungeon.
             The game lasted 00:28:37 (8804 turns).

359359 the Grappler (Troll Hunter)                  Turns: 8804, Time: 00:28:37

Health: -2/105     AC:  6    Str: 33    XL:     11   Next: 6%
Magic:  0/10       EV: 11    Int: 15    God:    Cheibriados [***...]
Gold:   365        SH: 13    Dex: 18    Spells: 10/10 levels left

rFire    . . .     SeeInvis .     - Unarmed
rCold    . . .     Gourm    +   h - +0 shield
rNeg     . . .     Faith    .   b - +0 robe
rPois    .         Spirit   +   (helmet restricted)
rElec    .         Reflect  .   n - +0 cloak
rCorr    .         Harm     .   (gloves unavailable)
MR       +....                  (boots unavailable)
Stlth    ++........             s - amulet of guardian spirit
HPRegen  0.67/turn              J - ring of protection from magic
MPRegen  0.12/turn              (no ring)

@: drained, very slow
A: large, unfitting armour, claws 3, fast metabolism 3, gourmand, mutation
resistance 1, regeneration 1, shaggy fur 1, tough skin 2
a: Bend Time, Temporal Distortion, Renounce Religion


You were on level 10 of the Dungeon.
You worshipped Cheibriados.
Cheibriados was most pleased with you.
You were very full.

You visited 1 branch of the dungeon, and saw 10 of its levels.

You collected 401 gold pieces.
You spent 36 gold pieces at shops.

Inventory:

Hand Weapons
 a - a +0 short sword
Missiles
 c - 5 large rocks (quivered)
 d - 4 throwing nets
Armour
 b - a +0 robe (worn)
 h - a +0 shield (worn)
 n - a +0 cloak (worn)
Magical Staves
 q - an uncursed staff of energy {unknown}
 A - an uncursed staff of fire
Jewellery
 k - an uncursed amulet of rage
 s - an amulet of guardian spirit (around neck)
 J - a ring of protection from magic (left claw)
Wands
 o - a wand of enslavement (19)
 B - a wand of disintegration (4)
Scrolls
 e - 2 scrolls of amnesia
 g - 8 scrolls of identify
 i - 2 scrolls of teleportation
 j - a scroll of enchant weapon {unknown}
 l - a scroll of noise {unknown}
 u - a scroll of enchant armour {unknown}
 v - a scroll of remove curse
 x - 2 scrolls of fear {unknown}
 y - a scroll of blinking {unknown}
 I - a scroll of vulnerability {unknown}
Potions
 m - 2 potions of ambrosia
 p - a potion of mutation
 r - 2 potions of flight
 t - a potion of brilliance
 w - 2 potions of lignification
 C - a potion of resistance {unknown}
 D - a potion of curing {unknown}
 E - a potion of agility {unknown}
Books
 H - a book of Battle

   Spells                             Type                      Level
   a - Infusion                       Charms                       1
   b - Shroud of Golubria             Charms/Translocation         2
   c - Song of Slaying                Charms                       2
   d - Spectral Weapon                Hexes/Charms                 3
   e - Regeneration                   Charms/Necromancy            3
Comestibles
 f - 17 rations
 z - 2 chunks of flesh


   Skills:
 - Level 6.1(5.6) Fighting
 - Level 3.6(3.1) Throwing
 * Level 3.7(3.2) Dodging
 - Level 0.3(0.0) Stealth
 - Level 9.3(8.8) Shields
 - Level 10.2(9.6) Unarmed Combat


You had 10 spell levels left.
You didn't know any spells.

Dungeon Overview and Level Annotations

Branches:
Dungeon (10/15)            Temple (0/1) D:6
   Lair: D:8-11         Orc: D:9-12

Altars:
Ashenzari
Cheibriados
Dithmenos
Elyvilon
Fedhas
Gozag
Makhleb
Trog
Wu Jian
Xom
Yredelemnul

Shops:
D:4 ?   D:5 %


Innate Abilities, Weirdness & Mutations

You are too large for most types of armour.
You have claws for hands.
Your metabolism is lightning-fast.
You like to eat raw meat.
Your natural rate of healing is unusually fast.
You are covered in fur. (AC +1)
You have very tough skin. (AC +2)
You are somewhat resistant to further mutation.


Message History

You mangle the death knight!!
The death knight is heavily wounded.
The death knight hits you with a falchion of flaming!!
* * * LOW HITPOINT WARNING * * *
The death knight burns you.
* * * LOW HITPOINT WARNING * * *
You scratch the death knight but do no damage.
The death knight is heavily wounded.
You block the death knight's attack.
You scratch the death knight but do no damage.
The death knight is heavily wounded.
You scratch the death knight but do no damage.
The death knight is heavily wounded.
The death knight offers itself to Yredelemnul, and fills with unholy energy.
You scratch the death knight.
The death knight is severely wounded.
The death knight reflects your damage back at you!
* * * LOW HITPOINT WARNING * * *
The death knight hits you with a falchion of flaming!
You die...

...#.............. ###
####.#..............## ...
...#.................## #.}##
..##.................#### #.)#
...#.........>.......##.##
#.####..##..###...............# #
#))..#...#..# ...#.........#..
#.##)....#.##p###..####.......#..
#..........#..#@.# #..........
#....##....##.p.## #..#.......
##...##..#).#..## #..####....
#..#....#...#.## #..# ###..
##.#######..#..# ##..# ##. #.#
##..##.## ##...## ## ##.
#....#..###.....## ##. .#
##....##......#...####.. ##.##.
#......#..#..###..<.....


You could see a death knight.

Vanquished Creatures
  Erolcha (D:10)
  A centaur warrior (D:9)
  An ogre mage (D:10)
  An ugly thing (D:10)
  Joseph (D:9)
  3 hippogriffs
  Grinder (D:6)
  A wyvern (D:10)
  2 hungry ghosts
  Menkaure (D:7)
  A water moccasin (D:9)
  2 orc warriors (D:7)
  2 sky beasts
  2 ice beasts
  A phantom (D:10)
  6 ogres
  A black bear (D:9)
  A boggart (D:10)
  A centaur (D:7)
  A crocodile (D:7)
  A big kobold (D:10)
  3 bullfrogs
  A water moccasin zombie (D:8)
  A wyvern skeleton (D:10)
  A water moccasin skeleton (D:7)
  2 scorpions
  9 howler monkeys
  4 wights (D:9)
  4 crimson imps
  3 hounds
  A quasit (D:9)
  A bullfrog zombie (D:10)
  8 orc priests
  Crazy Yiuf (D:4)
  4 jellies
  A centaur skeleton (D:7)
  5 iguanas
  Terence (D:3)
  4 worker ants
  13 orc wizards
  2 hound zombies (D:8)
  2 hound skeletons
  12 adders
  4 gnolls (D:5)
  A shadow imp (D:10)
  2 oozes
  An adder skeleton (D:9)
  3 worms
  4 dart slugs
  4 leopard geckos
  28 orcs
  4 giant cockroaches
  7 goblins
  5 hobgoblins
  8 jackals
  A kobold (D:3)
  4 quokkas
  6 bats
  5 frilled lizards
  A giant cockroach zombie (D:5)
  A leopard gecko skeleton (D:8)
  A leopard gecko zombie (D:5)
  A quokka skeleton (D:5)
  8 rats
  2 fungi (D:4)
216 creatures vanquished.

Notes
Turn   | Place    | Note
-------+----------+-------------------------------------------
     0 | D:1      | 359359 the Troll Hunter began the quest for the Orb.
     0 | D:1      | Reached XP level 1. HP: 19/19 MP: 0/0
    37 | D:1      | Reached skill level 1 in Unarmed Combat
   141 | D:1      | Reached XP level 2. HP: 26/27 MP: 1/1
   313 | D:1      | Reached skill level 2 in Unarmed Combat
   759 | D:2      | Reached XP level 3. HP: 10/33 MP: 2/2
   819 | D:2      | Found a burning altar of Makhleb.
  1044 | D:2      | Reached skill level 3 in Unarmed Combat
  1259 | D:2      | Reached XP level 4. HP: 19/41 MP: 3/3
  1690 | D:3      | Noticed Terence
  1694 | D:3      | Killed Terence
  1694 | D:3      | Reached skill level 4 in Unarmed Combat
  1895 | D:3      | Found a blossoming altar of Fedhas.
  2139 | D:3      | Found a shimmering altar of Xom.
  2146 | D:3      | Reached XP level 5. HP: 48/48 MP: 4/4
  2382 | D:4      | Found a shattered altar of Ashenzari.
  2386 | D:4      | Noticed an ogre
  2421 | D:4      | Killed an ogre
  2421 | D:4      | Reached skill level 5 in Unarmed Combat
  2528 | D:4      | Reached skill level 6 in Unarmed Combat
  2528 | D:4      | Reached XP level 6. HP: 44/55 MP: 5/5
  2652 | D:4      | Found an ornate altar of the Wu Jian Council.
  2653 | D:4      | Noticed an ice beast
  2658 | D:4      | Killed an ice beast
  2725 | D:4      | Reached skill level 7 in Unarmed Combat
  2804 | D:4      | Found an opulent altar of Gozag.
  2852 | D:4      | Found a shadowy altar of Dithmenos.
  3065 | D:4      | Reached XP level 7. HP: 38/62 MP: 6/6
  3218 | D:4      | Found Jipt's Magic Scroll Shop.
  3226 | D:4      | Bought a scroll of teleportation for 36 gold pieces
  3313 | D:4      | Found a runed door.
  3317 | D:4      | Noticed Crazy Yiuf
  3322 | D:4      | Killed Crazy Yiuf
  3435 | D:5      | Entered Level 5 of the Dungeon
  3459 | D:5      | Found Esmaiss's Food Emporium.
  3526 | D:5      | Found a white marble altar of Elyvilon.
  3621 | D:5      | Reached skill level 8 in Unarmed Combat
  4434 | D:6      | Found a bloodstained altar of Trog.
  4612 | D:6      | Noticed Grinder
  4625 | D:6      | Killed Grinder
  4625 | D:6      | Reached skill level 9 in Unarmed Combat
  4625 | D:6      | Reached XP level 8. HP: 70/70 MP: 7/7
  4925 | D:6      | Found a staircase to the Ecumenical Temple.
  4948 | D:7      | Noticed a hippogriff
  4961 | D:7      | Killed a hippogriff
  5102 | D:7      | Found a snail-covered altar of Cheibriados.
  5387 | D:7      | Became a worshipper of Cheibriados the Contemplative
  5856 | D:7      | Reached XP level 9. HP: 58/85 MP: 5/8
  5965 | D:7      | Reached skill level 10 in Unarmed Combat
  6181 | D:7      | Reached * piety under Cheibriados
  6257 | D:7      | Noticed Menkaure
  6270 | D:7      | Killed Menkaure
  6841 | D:8      | Reached skill level 5 in Shields
  6983 | D:8      | Reached ** piety under Cheibriados
  7338 | D:9      | Reached XP level 10. HP: 79/94 MP: 6/9
  7371 | D:9      | Noticed Joseph
  7593 | D:9      | Noticed a centaur warrior
  7606 | D:9      | Killed a centaur warrior
  7820 | D:9      | Found a basalt altar of Yredelemnul.
  7841 | D:9      | Killed Joseph
  8029 | D:10     | Entered Level 10 of the Dungeon
  8077 | D:10     | Reached *** piety under Cheibriados
  8329 | D:10     | Noticed Erolcha
  8337 | D:10     | Killed Erolcha
  8367 | D:10     | Reached skill level 5 in Fighting
  8386 | D:10     | Noticed an ogre mage
  8391 | D:10     | Gained mutation: You are somewhat resistant to further mutation. [potion of mutation]
  8395 | D:10     | Killed an ogre mage
  8585 | D:10     | Noticed a cyan ugly thing
  8606 | D:10     | Killed a cyan ugly thing
  8606 | D:10     | Reached XP level 11. HP: 74/105 MP: 7/10
  8642 | D:10     | Noticed a death knight
  8654 | D:10     | Noticed a fire dragon
  8804 | D:10     | HP: 5/105 [mirror damage (2)]
  8804 | D:10     | Slain by a death knight

Skill      XL: |  1  2  3  4  5  6  7  8  9 10 |
---------------+-------------------------------+-----
Unarmed Combat | 1 2 3 4 6 7 9 10 | 10.2
Fighting       | 4 6 |  6.1
Dodging        | 3 |  3.7
Shields        | 6 9 |  9.3
Throwing       | |  3.6
Stealth        | |  0.3

Action                   |  1- 3 |  4- 6 |  7- 9 | 10-12 || total
-------------------------+-------+-------+-------+-------++-------
Melee: Unarmed           |    82 |   132 |   310 |   151 ||   675
       Punch             |     1 |     3 |    17 |     4 ||    25
 Abil: Evoke Berserk Rag |       |     3 |     5 |       ||     8
  Use: Scroll            |       |       |     1 |     4 ||     5
       Potion            |       |       |       |     8 ||     8
 Stab: Sleeping          |     1 |     2 |       |       ||     3
       Invisible         |       |       |       |     8 ||     8
  Eat: Chunk             |    13 |    22 |    44 |    12 ||    91
Armor: Robe              |    32 |    39 |    63 |    28 ||   162
       Skin              |       |       |       |     2 ||     2
Dodge: Dodged            |    37 |    44 |   130 |   101 ||   312
Block: Shield            |       |       |       |    30 ||    30
